 Dungeon Crawl Stone Soup version 0.31-a0-845-g9abc20d24f (webtiles) character file.

Game seed: 13336022248097534592

5098 Conn the Adept (level 10, -5/56 HPs)
             Began as an Octopode Fire Elementalist on Oct 1, 2023.
             Was a Believer of Sif Muna.
             Slain by a wyvern (17 damage)
             ... on level 8 of the Dungeon.
             The game lasted 00:26:16 (8674 turns).

Conn the Adept (Octopode Fire Elementalist)         Turns: 8674, Time: 00:26:16

Health: -5/56      AC:  1    Str:  7    XL:     10   Next: 57%
Magic:  0/18       EV: 15    Int: 22    God:    Sif Muna [**....]
Gold:   87         SH:  0    Dex: 13    Spells: 1/20 levels left

rFire   . . .        m - +2 mace (protect)
rCold   + . .        (no shield)
rNeg    . . .        y - +0 hat
rPois   .            c - amulet of guardian spirit
rElec   .            g - ring of protection from cold
rCorr   +            a - ring of resist corrosion
SInv    .            (no ring)
Will    .....        (no ring)
Stlth   ++++         (no ring)
HPRegen 0.29/turn    (no ring)
MPRegen 0.16/turn    (no ring)
                     (no ring)

%: guardian spirit
@: no status effects
A: almost no armour, amphibious, 8 rings, camouflage 1, gelatinous body 1,
(nimble swimmer 1), tentacles
a: Renounce Religion, Channel Magic


You were on level 8 of the Dungeon.
You worshipped Sif Muna.
Sif Muna was pleased with you.
You visited 2 branches of the dungeon, and saw 9 of its levels.

You collected 477 gold pieces.
You spent 390 gold pieces at shops.

Inventory:

Hand Weapons
 k - a +4 short sword
 m - a +2 mace of protection (weapon)
Missiles
 A - 2 throwing nets
Armour
 y - a +0 hat (worn)
Jewellery
 a - a ring of resist corrosion (right tentacle)
 c - an amulet of guardian spirit (around mantle)
 g - a ring of protection from cold (left tentacle)
Wands
 C - a wand of paralysis (4)
Scrolls
 e - 3 scrolls of enchant weapon {unknown}
 f - a scroll of fog {unknown}
 l - a scroll of poison {unknown}
 n - 9 scrolls of identify {unknown}
 p - a scroll of blinking {unknown}
 s - a scroll of noise {unknown}
 t - 4 scrolls of teleportation
 u - a scroll of fear {unknown}
 v - 2 scrolls of brand weapon {unknown}
 D - a scroll of acquirement {unknown}
 E - a scroll of revelation {unknown}
Potions
 b - a potion of haste
 h - a potion of mutation {unknown}
 i - a potion of lignification {unknown}
 j - 2 potions of enlightenment {unknown}
 q - 2 potions of degeneration {unknown}
 w - a potion of curing
 x - 2 potions of ambrosia {unknown}
 z - 4 potions of brilliance {unknown}
 B - 3 potions of resistance {unknown}
 F - a potion of invisibility {unknown}


   Skills:
 + Level 0.0 Fighting
 + Level 5.8 Dodging
 - Level 5.1 Stealth
 + Level 5.9 Spellcasting
 + Level 6.1 Conjurations
 + Level 4.0 Hexes
 + Level 4.0 Translocations
 + Level 6.1 Fire Magic
 + Level 3.9 Earth Magic
 * Level 6.6 Invocations


You had one spell level left.
You knew the following spells:

 Your Spells              Type           Power      Damage    Failure   Level
a - Foxfire               Conj/Fire      100%       2x1d9     1%          1
b - Scorch                Fire           66%        2d7       1%          2
c - Inner Flame           Hex/Fire       28%        N/A       3%          3
d - Flame Wave            Conj/Fire      33%        2d10      8%          4
e - Blink                 Tloc           48%        N/A       2%          2
f - Stone Arrow           Conj/Erth      56%        3d10      3%          3
g - Brom's Barrelling Bo  Conj/Erth      28%        2d5       12%         4

Your spell library contained the following spells:

 Spells                   Type           Power      Damage    Failure   Level
 Apportation              Tloc           48%        N/A       1%          1
 Sandblast                Erth           46%        2d11      1%          1
 Jinxbite                 Hex            48%        N/A       2%          2
 Volatile Blastmotes      Fire/Tloc      56%        2d14      3%          3
 Passwall                 Tmut/Erth      12%        N/A       6%          2
 Manifold Assault         Tloc           24%        N/A       17%         4
 Alistair's Intoxication  Tmut/Pois      4%         N/A       95%         5


Dungeon Overview and Level Annotations

Branches:
Dungeon (8/15)             Temple (1/1) D:5
   Lair: D:8-11

Altars:
Ashenzari
Cheibriados
Dithmenos
Elyvilon
Gozag
Hepliaklqana
Kikubaaqudgha
Makhleb
Nemelex Xobeh
Okawaru
Qazlal
Ru
Sif Muna
Uskayaw
Vehumet
Xom
Yredelemnul
The Shining One

Shops:
D:1 *   D:5 :   D:7 *


Innate Abilities, Weirdness & Mutations

You cannot wear most types of armour.
You are amphibious.
You can wear up to eight rings at the same time.
Your skin changes colour to match your surroundings (Stealth+).
Your rubbery body absorbs attacks. (AC +1, EV +1)
((You are camouflaged when in or above water. (Stealth+)))
You have tentacles for arms and can constrict up to eight enemies at once.


Message History

The wyvern is lightly wounded.
The wyvern completely misses you. The wyvern closely misses you.
You hit the wyvern but do no damage.
Your weapon exudes an aura of protection.
You squeeze the wyvern.
The wyvern is lightly wounded.
The wyvern is no longer more vulnerable to fire.
The wyvern bites you!
An orc comes into view. It is wielding a +0 war axe.
An orc comes into view. It is wielding a +0 falchion.
The wyvern bites you!
The orc moves out of view.
An orc wizard comes into view. It is wielding a +0 dagger.
You closely miss the wyvern.
The wyvern is lightly wounded.
The wyvern bites you! The wyvern misses you.
Unknown command.
Unknown command.
Casting: Scorch (safe; 1% risk of failure)
Confirm with . or Enter, or press ? or * to list all spells.
Casting: Flame Wave (dangerous; 8% risk of failure)
Press: ? - help, Dir - look around, f - activate A wave of flame ripples out!
The flame wave engulfs the wyvern!
The wyvern is severely wounded. (Press . to intensify the flame waves.)
The orc wizard shouts!
The wyvern bites you!
* * * LOW HITPOINT WARNING * * *
Unknown command.
Unknown command.
Okay, then.
Unknown command.
Okay, then.
Unknown command.
Okay, then.
Unknown command.
Aiming: Paralyse
Press: ? - help, Shift-Dir - straight line, f - wyvern
Aim: a wyvern (severely wounded, chance to affect: 49%)
The wyvern resists with some effort.
The wyvern bites you!
You die...

###############
..........>....
###################.####
#..oool@........# #.....
#...###########.###.....
# ................
#######.###.....
#.#......# #.#.#.##..
#.#.....## #.###..##
.#####.# #..#


You could see a wyvern, an orc wizard and 2 orcs.

Vanquished Creatures
  Pikel (D:8)
  Grum (D:8)
  3 steam dragons
  6 water moccasins
  An orc warrior (D:7)
  A sky beast (D:6)
  2 black bears
  2 ice beasts (D:7)
  2 centaurs
  4 wolves (D:8)
  A phantom (D:5)
  Blork the orc (D:5)
  4 bullfrogs
  6 scorpions
  A water moccasin zombie (D:4)
  11 wights
  3 killer bees (D:8)
  2 howler monkeys
  A jelly (D:7)
  5 orc priests
  2 hounds
  Crazy Yiuf (D:2)
  3 sleepcaps
  2 iguanas (D:6)
  7 orc wizards
  A howler monkey zombie (D:4)
  11 gnolls
  6 adders
  4 shadow imps
  A white imp (D:5)
  An ufetubus (D:5)
  3 worms
  A dart slug (D:4)
  19 orcs
  6 ball pythons
  10 bats
  9 endoplasms
  A giant cockroach (D:2)
  4 goblins
  6 hobgoblins
  7 kobolds
  2 quokkas
  2 frilled lizards (D:2)
  7 rats
174 creatures vanquished.

Vanquished Creatures (others)
  378 foxfires
378 creatures vanquished.

Grand Total: 552 creatures vanquished

Notes
Turn   | Place    | Note
-------+----------+-------------------------------------------
     0 | D:1      | Conn the Octopode Fire Elementalist began the quest for the
                  | Orb.
     0 | D:1      | Reached XP level 1. HP: 11/11 MP: 3/3
   252 | D:1      | Reached XP level 2. HP: 17/17 MP: 1/5
   589 | D:1      | Learned a level 2 spell: Scorch
   899 | D:1      | Reached XP level 3. HP: 21/21 MP: 6/6
   903 | D:1      | Learned a level 3 spell: Inner Flame
   992 | D:1      | Found Yfephiz's General Store.
  1567 | D:2      | Found a runed translucent door.
  1568 | D:2      | Noticed Crazy Yiuf
  1574 | D:2      | Killed Crazy Yiuf
  1575 | D:2      | Reached XP level 4. HP: 27/27 MP: 2/8
  2051 | D:2      | Reached XP level 5. HP: 20/31 MP: 6/9
  2562 | D:3      | Found a hazy altar of Hepliaklqana.
  2626 | D:3      | Reached XP level 6. HP: 35/36 MP: 10/10
  2800 | D:4      | Found a sacrificial altar of Ru.
  2852 | D:4      | Noticed a +0 dagger
  2853 | D:4      | Noticed a +0 hand axe
  2856 | D:4      | Found a hide-covered altar of Uskayaw.
  3729 | D:4      | Reached XP level 7. HP: 39/41 MP: 8/12
  3913 | D:4      | Found a basalt altar of Yredelemnul.
  3965 | D:5      | Entered Level 5 of the Dungeon
  3965 | D:5      | Found a staircase to the Ecumenical Temple.
  3985 | Temple   | Entered the Ecumenical Temple
  3994 | Temple   | Became a worshipper of Sif Muna the Loreminder
  4203 | D:5      | Found a shimmering altar of Xom.
  4216 | D:5      | Reached skill level 5 in Stealth
  4219 | D:5      | Found Woliurez's Book Emporium.
  4265 | D:5      | Bought an Inescapable Atlas for 208 gold pieces
  4270 | D:5      | Learned a level 4 spell: Flame Wave
  4273 | D:5      | Learned a level 2 spell: Blink
  4535 | D:5      | Noticed Blork the orc
  4580 | D:5      | Killed Blork the orc
  4581 | D:5      | Reached skill level 1 in Invocations
  4581 | D:5      | Reached XP level 8. HP: 38/46 MP: 2/14
  4721 | D:5      | Learned a level 3 spell: Stone Arrow
  4931 | D:6      | Found a radiant altar of Vehumet.
  4959 | D:6      | Reached skill level 1 in Hexes
  4988 | D:6      | Reached skill level 1 in Translocations
  5146 | D:6      | Reached skill level 1 in Earth Magic
  5290 | D:6      | Found a snail-covered altar of Cheibriados.
  5425 | D:6      | Found a sparkling altar of Nemelex Xobeh.
  5495 | D:6      | Found a stormy altar of Qazlal.
  5910 | D:7      | Found Oshu Uxu's Hallowed Reliquary.
  5912 | D:7      | Noticed an angel
  5916 | D:7      | Bought a potion of heal wounds for 70 gold pieces
  5916 | D:7      | Bought a potion of heal wounds for 70 gold pieces
  5916 | D:7      | Bought a potion of curing for 42 gold pieces
  6105 | D:8      | Reached skill level 5 in Fire Magic
  6105 | D:8      | Reached XP level 9. HP: 41/51 MP: 5/16
  6330 | D:8      | Noticed Pikel
  6337 | D:8      | Killed Pikel
  6338 | D:8      | Reached skill level 5 in Spellcasting
  6338 | D:8      | Reached skill level 5 in Conjurations
  6683 | D:8      | Reached skill level 5 in Dodging
  6685 | D:8      | Reached * piety under Sif Muna
  6686 | D:8      | Reached skill level 5 in Invocations
  6748 | D:8      | Noticed a komodo dragon
  6751 | D:8      | HP: 1/51 [cloud of flame (14)]
  7004 | D:8      | Noticed Grum
  7016 | D:8      | Reached XP level 10. HP: 41/56 MP: 3/18
  7016 | D:8      | Killed Grum
  7517 | D:7      | Learned a level 4 spell: Brom's Barrelling Boulder
  7918 | D:7      | Reached ** piety under Sif Muna
  8375 | D:7      | Found a broken altar of Ashenzari.
  8674 | D:8      | Slain by a wyvern

Illustrated notes

Levels and vault maps discovered:
D:1:      dpeg_arrival_windows_large_door, layout_loops_corners, serial_shops,
          shop, minmay_surrounded
D:2:      layout_rooms, uniq_crazy_yiuf_cottage
D:3:      layout_rooms, worldfamousw_hep_ancestral_shrine
D:4:      layout_loops_ring, mainiacjoe_overflow_24_doors,
          lemuel_zombie_altar_yredelemnul, dancing_weapons_uskayaw,
          columned_hall_lemuel, kennysheep_generic_room_13
D:5:      layout_gridville, mainiacjoe_overflow_brackets, temple_fountains,
          serial_shops, shop_coins, uniq_blork_the_orc, uniq_ijyb, uniq_sigmund
D:6:      layout_basic, mainiacjoe_overflow_six_doors_small, lemuel_round_altar,
          nemelex_altar_shiori, mainiacjoe_overflow_alcove_2
D:7:      layout_basic, marbit_many_paths, grunt_ministairs_14,
          nicolae_good_shop
D:8:      layout_basic, due_lair_maze_entry_diamond, uniq_grum, uniq_pikel
Temple:   nicolae_temple_ecumenical_triangle

Skill      XL: |  1  2  3  4  5  6  7  8  9 10 |
---------------+-------------------------------+-----
Stealth        | 3 4 5 |  5.1
Conjurations   | 2 3 4 5 6 |  6.1
Spellcasting   | 3 4 5 |  5.9
Dodging        | 3 4 5 |  5.8
Fire Magic     | 4 5 6 |  6.1
Invocations    | 1 3 5 6 |  6.6
Hexes          | 2 3 4 |  4.0
Translocations | 2 3 4 |  4.0
Earth Magic    | 2 3 |  3.9

Action                     |  1- 3 |  4- 6 |  7- 9 | 10-12 || total
---------------------------+-------+-------+-------+-------++-------
  Melee: Dagger            |    18 |       |       |       ||    18
         Constrict         |    11 |    15 |    19 |     4 ||    49
         Tentacles         |     4 |    12 |    37 |    10 ||    63
         Mace              |    13 |    57 |    92 |    25 ||   187
         Punch             |       |     2 |       |       ||     2
  Throw: Dart              |       |       |     6 |       ||     6
   Cast: Foxfire           |    48 |    60 |    71 |    37 ||   216
         Scorch            |     2 |     1 |    23 |    12 ||    38
         Inner Flame       |       |     3 |    13 |     5 ||    21
         Blink             |       |       |     5 |       ||     5
         Flame Wave        |       |       |     4 |     3 ||     7
 Invoke: Channel Magic     |       |       |     2 |       ||     2
  Evoke: Wand              |       |       |     8 |     1 ||     9
    Use: Potion            |       |       |     9 |       ||     9
         Scroll            |       |       |     1 |       ||     1
   Stab: Sleeping          |     9 |     7 |     2 |       ||    18
         Paralysed         |       |       |     3 |       ||     3
 Armour: Skin              |    12 |    41 |   111 |    19 ||   183
  Dodge: Dodged            |    12 |    55 |   139 |    21 ||   227

Table legend: (Time is in decaauts)
 A = Elapsed time spent in this place.
 B = Non-inter-level travel time spent in this place.
 C = Inter-level travel time spent in this place.
 D = Time resting spent in this place.
 E = Time spent auto-exploring this place.
 F = Levels seen in this place.
 G = Mean time per level.
                   A        B        C        D        E       F      G
               +--------+--------+--------+--------+--------+-----+--------+
         Total |   8735 |   8559 |    176 |    796 |   5644 |   9 |  970.6 |
       Dungeon |   8604 |   8428 |    176 |    687 |   5644 |   8 | 1075.5 |
        Temple |    131 |    131 |      0 |    109 |      0 |   1 |  131.0 |
               +--------+--------+--------+--------+--------+-----+--------+

Top non-repeatable levels by time:
     D:8: 1577 daAuts
     D:4: 1334 daAuts
     D:7: 1316 daAuts
     D:1: 1107 daAuts
     D:2: 911 daAuts
     D:6: 882 daAuts
     D:5: 830 daAuts
     D:3: 643 daAuts
  Temple: 131 daAuts
